 Dungeon Crawl Stone Soup version 0.28.0 (webtiles) character file.

Game seed: 2559469216246710192

68 Masnef the Conjurer (level 4, 0/24 HPs)
             Began as a Deep Elf Wanderer on Feb 13, 2022.
             Killed from afar by Sigmund (4 damage)
             ... with a magic dart
             ... on level 2 of the Dungeon.
             The game lasted 00:04:20 (2403 turns).

Masnef the Conjurer (Deep Elf Wanderer)             Turns: 2403, Time: 00:04:21

Health: 0/24       AC:  6    Str: 11    XL:     4   Next: 1%
Magic:  11/11      EV: 10    Int: 19    God:
Gold:   62         SH:  0    Dex: 12    Spells: 3/9 levels left

rFire   + . .      SeeInvis .   k - +1 dagger (venom)
rCold   + . .      Faith    .   (no shield)
rNeg    . . .      Spirit   .   c - +0 ring mail
rPois   +          Reflect  .   (no helmet)
rElec   +          Harm     .   h - +0 cloak
rCorr   +          Rampage  .   (no gloves)
Will    .....                   (no boots)
Stlth   +.........              (no amulet)
HPRegen 0.08/turn               (no ring)
MPRegen 0.12/turn               (no ring)

@: resistant
A: no striking features
a: no special abilities


You were on level 2 of the Dungeon.
You visited 1 branch of the dungeon, and saw 2 of its levels.

You collected 62 gold pieces.

Inventory:

Hand Weapons
 a - a +0 dagger
 i - a +0 vampiric long sword
 k - a +1 dagger of venom (weapon)
 l - a +1 short sword of freezing
Missiles
 d - a throwing net
Armour
 b - a +0 scale mail
 c - a +0 ring mail (worn)
 h - a +0 cloak (worn)
Jewellery
 j - a ring of flight
Scrolls
 g - a scroll of immolation


   Skills:
 * Level 0.5 Fighting
 - Level 1.5 Armour
 - Level 0.2 Dodging
 - Level 3.3 Spellcasting
 + Level 5.7 Conjurations
 - Level 2.1 Translocations
 * Level 0.9 Earth Magic


You had 3 spell levels left.
You knew the following spells:

 Your Spells              Type           Power      Damage    Failure   Level
a - Magic Dart            Conj           96%        1d7       3%          1
b - Blink                 Tloc           22%        N/A       22%         2
c - Stone Arrow           Conj/Erth      30%        3d8       26%         3

Your spell library contained the following spells:

 Spells                   Type           Power      Damage    Failure   Level
 Apportation              Tloc           22%        N/A       14%         1
 Sandblast                Erth           12%        2d6       24%         1
 Passwall                 Tmut/Erth      3%         N/A       41%         2
 Corpse Rot               Necr/Air       6%         N/A       45%         2
 Poisonous Vapours        Pois/Air       6%         N/A       45%         2
 Portal Projectile        Hex/Tloc       14%        N/A       54%         3


Dungeon Overview and Level Annotations

Branches:
Dungeon (2/15)

Altars:

Annotations:
D:2 Sigmund


Message History

You are more confused.
Sigmund casts a spell at you.
You are more confused.
You bump into the rock wall.
You bump into the closed door.
You bump into the rock wall.
You're too confused to move!
You bump into the rock wall.
Sigmund gestures at you while chanting. You resist with some effort.
It was a potion of resistance.
You feel protected.
Sigmund hits you from afar with a +0 scythe!
Unknown command.
You're too confused to cast spells.
Unknown command.
You bump into the closed door.
Sigmund barely misses you.
You bump into the rock wall.
You are too confused!
You bump into the closed door.
Sigmund hits you from afar with a +0 scythe.
You bump into the rock wall.
Sigmund points at you and mumbles some strange words.
The magic dart hits you.
* * * LOW HITPOINT WARNING * * *
You bump into the rock wall.
Sigmund hits you from afar with a +0 scythe.
* * * LOW HITPOINT WARNING * * *
Unknown command.
You aren't carrying any potions.
You bump into the closed door.
You bump into the closed door.
You feel less confused. Sigmund closely misses you.
As you read the scroll labelled DIX OS QIG, it crumbles to dust.
It is a scroll of identify.
g - a scroll of immolation Sigmund casts a spell at you.
The magic dart hits you.
You die...

#....#..# ##.......## ##..##.#
#.......####.........####...##.##
...........'.........†...........
#.......####.........####>..##.##
##..##..# ##.......## ##.###.#
#......# ##.....## #### .#
##.##### ##...## .. #.#########
##+## .# #.........# #@# .#
#..######.# #.# .#
#..#......####@## .#
#..#.#..........#########.#
#..#.#.##.##.).......@....#
#..#.#.##.###(..###########
#.........# ##.## ####.####.# ###
#......#


You could see Sigmund.

Vanquished Creatures
  An adder (D:2)
  3 worms (D:2)
  5 bats
  6 endoplasms
  5 giant cockroaches
  2 hobgoblins
  3 kobolds
  5 quokkas
  8 ball pythons (D:1)
  3 frilled lizards
  3 goblins
  3 rats (D:1)
47 creatures vanquished.

Vanquished Creatures (others)
  4 plants (D:2)
4 creatures vanquished.

Grand Total: 51 creatures vanquished

Notes
Turn   | Place    | Note
-------+----------+-------------------------------------------
     0 | D:1      | Masnef the Deep Elf Wanderer began the quest for the Orb.
     0 | D:1      | Masnef set off with the following items: a +0 dagger, a +0
                  | scale mail; and the following spells available to memorise:
                  | Magic Dart, Apportation, Blink, Stone Arrow, Portal
                  | Projectile
     0 | D:1      | Reached XP level 1. HP: 10/10 MP: 6/6
     2 | D:1      | Learned a level 1 spell: Magic Dart
   225 | D:1      | Reached XP level 2. HP: 14/15 MP: 2/8
   312 | D:1      | Reached skill level 5 in Conjurations
  1200 | D:1      | Learned a level 2 spell: Blink
  1211 | D:1      | Reached XP level 3. HP: 19/19 MP: 4/9
  1284 | D:1      | Found a faded altar of an unknown god.
  1646 | D:2      | Learned a level 3 spell: Stone Arrow
  2261 | D:2      | Reached XP level 4. HP: 24/24 MP: 4/11
  2375 | D:2      | Noticed Sigmund
  2403 | D:2      | Killed from afar by Sigmund

Illustrated notes

Levels and vault maps discovered:
D:1:      onia_arrival_mini_maze, layout_loops_ring,
          hellmonk_ecumenical_altar_inner_sanctum, minmay_misc_feat_iff,
          st_stairs_4, kennysheep_doodads, grunt_decor_one_mirror
D:2:      layout_loops_corners, serial_bayou_lagoon_a, minmay_misc_feat_alley,
          solitary_fountain, uniq_sigmund

Skill      XL: |  1  2 |
---------------+-------+-----
Conjurations   | 5 |  5.7
Fighting       | |  0.5
Armour         | |  1.5
Dodging        | |  0.2
Spellcasting   | |  3.3
Translocations | |  2.1
Earth Magic    | |  0.9

Action                   |  1- 3 |  4- 6 || total
-------------------------+-------+-------++-------
Melee: Dagger            |     7 |       ||     7
       Long sword        |     2 |       ||     2
 Cast: Magic Dart        |   101 |     1 ||   102
  Use: Scroll            |       |     1 ||     1
       Potion            |       |     1 ||     1
Armor: Ring mail         |    13 |     1 ||    14
Dodge: Dodged            |    18 |     2 ||    20
